 Dungeon Crawl Stone Soup version 0.23-a0-767-gdc19b93d68 (webtiles) character file.

1655212 Flugkiller the Wrestler (level 27, 253/253 (256) HPs)
             Began as a Ghoul Gladiator on Jan 19, 2019.
             Was the Champion of Makhleb.
             Escaped with the Orb
             ... and 3 runes!
             The game lasted 03:20:07 (71342 turns).

Flugkiller the Wrestler (Ghoul Gladiator)          Turns: 71342, Time: 03:20:07

HP:   253/253 (256) AC: 34    Str: 25    XL:     27
MP:   35/35         EV: 17    Int:  7    God:    Makhleb [******]
Gold: 5522          SH: 21    Dex: 15    Spells: 26/26 levels left

rFire    + + +     SeeInvis .     - Unarmed
rCold    + + .     Gourm    .   H - +0 large shield
rNeg     + + +     Faith    .   C - +3 storm dragon scales
rPois    ∞         Spirit   +   l - +2 helmet
rElec    +         Reflect  .   I - +1 cloak {MR+}
rCorr    .         Harm     .   h - +2 pair of gloves {Dex+3}
MR       ++++.                  K - +2 pair of boots
Stlth    ..........             n - amulet of guardian spirit
HPRegen  0.00/turn              U - ring of Zichetei {rPois rC+ rN+ MR+ Str+3}
MPRegen  0.24/turn              S - ring of Xom's Recklessness {*Corrode +Fly rPois rF+++ Dex-3}

@: rotting
A: rotting body, claws 1, carnivore, cold resistance 1, negative energy
resistance 3, inhibited regeneration, torment resistance, unbreathing
0: Orb of Zot
}: 3/15 runes: decaying, silver, gossamer
a: Minor Destruction, Lesser Servant of Makhleb, Major Destruction, Greater
Servant of Makhleb, Renounce Religion, Evoke Flight


You escaped.
You worshipped Makhleb.
Makhleb was exalted by your worship.
You were not hungry.

You visited 9 branches of the dungeon, and saw 49 of its levels.
You visited the Abyss 1 time.
You also visited: Ossuary, Bailey and Gauntlet.

You collected 7560 gold pieces.
You spent 2038 gold pieces at shops.

Inventory:

Missiles
 c - 16 throwing nets (quivered)
Armour
 b - a +0 cloak of invisibility
   (You took it off a draconian shifter on level 5 of the Realm of Zot)
 h - a +2 pair of gloves of dexterity (worn)
   (You found it on level 3 of the Spider Nest)
 l - a +2 helmet (worn)
   (You found it on level 2 of the Dungeon)
 t - a +2 cloak of invisibility
   (You found it on level 3 of the Elven Halls)
 C - +3 storm dragon scales (worn)
   (You found it on level 4 of the Depths)
 H - a +0 large shield (worn)
   (You took it off a vault warden on level 3 of the Vaults)
 I - a +1 cloak of magic resistance (worn)
   (You took it off a draconian knight on level 4 of the Realm of Zot)
 K - a +2 pair of boots (worn)
   (You found it on level 1 of the Swamp)
 R - a +0 cloak of magic resistance
   (You took it off a draconian scorcher on level 5 of the Realm of Zot)
Jewellery
 n - an amulet of guardian spirit (around neck)
   (You found it on level 1 of the Dungeon)
 o - an uncursed ring of see invisible
   (You found it on level 2 of the Dungeon)
 O - an uncursed ring of protection from fire
   (You bought it in a shop on level 10 of the Dungeon)
 S - the ring of Xom's Recklessness (right hand) {*Corrode +Fly rPois rF+++ Dex-3}
   (You took it off a deep elf mage on level 3 of the Elven Halls)

   [ring of flight]

   It affects your dexterity (-3).
   It renders you almost immune to fire.
   It protects you from poison.
   It lets you fly.
   It may corrode you when you take damage.
 T - the ring "Pashroy" {rCorr rF+ rC+ MP+9}
   (You took it off a fire giant on level 4 of the Depths)

   [ring of resist corrosion]

   It protects you from fire.
   It protects you from cold.
   It affects your magic capacity (+9).
 U - the ring of Zichetei (left hand) {rPois rC+ rN+ MR+ Str+3}
   (You found it on level 3 of the Vaults)

   [ring of poison resistance]

   It affects your strength (+3).
   It protects you from cold.
   It protects you from poison.
   It protects you from negative energy.
   It affects your resistance to hostile enchantments.
 W - a +4 ring of evasion
   (You found it on level 12 of the Dungeon)
Wands
 j - a wand of enslavement (14)
   (You found it on level 1 of the Lair of Beasts)
 s - a wand of scattershot (14)
   (You found it on level 6 of the Lair of Beasts)
 x - a wand of acid (31)
   (You took it off an orc on level 6 of the Dungeon)
 A - a wand of disintegration (42)
   (You found it on level 2 of the Elven Halls)
 B - a wand of paralysis (7)
   (You found it on level 4 of the Depths)
 D - a wand of iceblast (39)
   (You found it on level 7 of the Dungeon)
 L - a wand of clouds (17)
   (You found it on level 2 of the Lair of Beasts)
 M - a wand of digging (5)
   (You found it on level 1 of the Depths)
Scrolls
 a - 17 scrolls of remove curse
 k - 7 scrolls of immolation
 q - 18 scrolls of teleportation
 v - 2 scrolls of fog
 y - 5 scrolls of fear
 G - 2 scrolls of silence
 J - 9 scrolls of vulnerability
 P - 4 scrolls of torment
 V - 8 scrolls of magic mapping
 Y - 2 scrolls of summoning
 Z - 16 scrolls of identify
Potions
 e - 2 potions of invisibility
 f - 8 potions of cancellation
 g - 3 potions of resistance
 i - 13 potions of curing
 r - a potion of haste
 u - 6 potions of ambrosia
 w - 7 potions of might
 z - 12 potions of flight
 E - 5 potions of magic
 F - 7 potions of brilliance
 N - 8 potions of agility
Miscellaneous
 p - a phial of floods
   (You found it on level 2 of the Elven Halls)
 Q - 4 phantom mirrors
 X - 2 boxes of beasts
Comestibles
 d - 71 rations


   Skills:
 - Level 22.6 Fighting
 - Level 1.7 Throwing
 - Level 17.0 Armour
 - Level 16.7 Dodging
 - Level 16.2 Shields
 - Level 25.6 Unarmed Combat
 + Level 18.9 Invocations


You had 26 spell levels left.
You didn't know any spells.
Your spell library contained the following spells:

 Spells                   Type           Power        Failure   Level  Hunger
 Apportation              Tloc           #.....       99%         1    ##.....
 Confusing Touch          Hex            #.....       99%         1    ##.....
 Corona                   Hex            #......      99%         1    ##.....
 Flame Tongue             Conj/Fire      #....        99%         1    ##.....
 Infusion                 Chrm           #...         99%         1    ##.....
 Sandblast                Erth           #.....       99%         1    ##.....
 Shock                    Conj/Air       #...         99%         1    ##.....
 Summon Butterflies       Summ           #.......     99%         1    ##.....
 Summon Small Mammal      Summ           #...         99%         1    ##.....
 Call Imp                 Summ           #.......     100%        2    ###....
 Passwall                 Tmut/Erth      #.......     100%        2    ###....
 Poisonous Vapours        Pois/Air       #.....       100%        2    ###....
 Shroud of Golubria       Chrm/Tloc      #.........   100%        2    ###....
 Song of Slaying          Chrm           #.......     100%        2    ###....
 Sticks to Snakes         Tmut           #.......     100%        2    ###....
 Swiftness                Chrm/Air       #.......     100%        2    ###....
 Throw Flame              Conj/Fire      #.....       100%        2    ###....
 Call Canine Familiar     Summ           #.......     100%        3    ####...
 Confuse                  Hex            #.......     100%        3    ####...
 Conjure Flame            Conj/Fire      #.......     100%        3    ####...
 Gell's Gravitas          Tloc           #.........   100%        3    ####...
 Ignite Poison            Fire/Tmut/Pois #.......     100%        3    ####...
 Inner Flame              Hex/Fire       #.......     100%        3    ####...
 Lesser Beckoning         Tloc           #.........   100%        3    ####...
 Mephitic Cloud           Conj/Pois/Air  #.......     100%        3    ####...
 Ozocubu's Armour         Chrm/Ice       #.......     100%        3    ####...
 Portal Projectile        Hex/Tloc       #.....       100%        3    ####...
 Recall                   Summ/Tloc      N/A          100%        3    ####...
 Regeneration             Chrm/Necr      #.........   100%        3    ####...
 Spectral Weapon          Hex/Chrm       #.......     100%        3    ####...
 Static Discharge         Conj/Air       #.......     100%        3    ####...
 Stone Arrow              Conj/Erth      #.....       100%        3    ####...
 Summon Guardian Golem    Hex/Summ       #.......     100%        3    ####...
 Tukima's Dance           Hex            #.......     100%        3    ####...
 Vampiric Draining        Necr           #.........   100%        3    ####...
 Airstrike                Air            #.........   100%        4    #####..
 Animate Dead             Necr           N/A          100%        4    #####..
 Leda's Liquefaction      Hex/Erth       #.........   100%        4    #####..
 Petrify                  Tmut/Erth      #.......     100%        4    #####..
 Sticky Flame             Conj/Fire      #.......     100%        4    #####..
 Summon Ice Beast         Ice/Summ       #.......     100%        4    #####..
 Summon Lightning Spire   Summ/Air       #.......     100%        4    #####..
 Alistair's Intoxication  Tmut/Pois      #.......     100%        5    ######.
 Aura of Abjuration       Summ           #.........   100%        5    ######.
 Bolt of Magma            Conj/Fire/Erth #.........   100%        5    ######.
 Borgnjor's Vile Clutch   Necr/Erth      #.........   100%        5    ######.
 Fireball                 Conj/Fire      #.........   100%        5    ######.
 Lee's Rapid Deconstruct  Erth           #.........   100%        5    ######.
 Lightning Bolt           Conj/Air       #.........   100%        5    ######.
 Metabolic Englaciation   Hex/Ice        #.........   100%        5    ######.
 Silence                  Hex/Air        #.........   100%        5    ######.
 Summon Demon             Summ           #.........   100%        5    ######.
 Summon Forest            Summ/Tloc      #.........   100%        5    ######.
 Summon Mana Viper        Hex/Summ       #.......     100%        5    ######.
 Yara's Violent Unravell  Hex/Tmut       #.........   100%        5    ######.
 Bolt of Cold             Conj/Ice       #.........   100%        6    #######
 Bolt of Fire             Conj/Fire      #.........   100%        6    #######
 Conjure Ball Lightning   Conj/Air       #.........   100%        6    #######
 Death Channel            Necr           #.........   100%        6    #######
 Deflect Missiles         Chrm/Air       #.........   100%        6    #######
 Freezing Cloud           Conj/Ice/Air   #.........   100%        6    #######
 Invisibility             Hex            #.......     100%        6    #######
 Iron Shot                Conj/Erth      #.........   100%        6    #######
 Ozocubu's Refrigeration  Ice            #.........   100%        6    #######
 Shadow Creatures         Summ           N/A          100%        6    #######
 Simulacrum               Ice/Necr       #.........   100%        6    #######
 Orb of Destruction       Conj           #.........   100%        7    #######
 Ring of Flames           Chrm/Fire      #.........   100%        7    #######
 Ignition                 Fire           #.........   100%        8    #######
 Shatter                  Erth           #.........   100%        9    #######
 Tornado                  Air            #.........   100%        9    #######
 Beastly Appendage        Tmut           Unusable     N/A         1    N/A
 Spider Form              Tmut/Pois      Unusable     N/A         3    N/A
 Ice Form                 Ice/Tmut       Unusable     N/A         4    N/A
 Blade Hands              Tmut           Unusable     N/A         5    N/A
 Statue Form              Tmut/Erth      Unusable     N/A         6    N/A

Dungeon Overview and Level Annotations

Branches:
Dungeon (15/15)            Temple (0/1) D:7            Lair (6/6) D:10
  Swamp (4/4) Lair:3       Spider (4/4) Lair:4        Slime (0/5) Lair:5
    Orc (2/2) D:9             Elf (3/3) Orc:2        Vaults (5/5) D:13
  Crypt (0/3) Vaults:2     Depths (5/5) D:15            Zot (5/5) Depths:5

Altars:
Ashenzari
Elyvilon
Fedhas
Gozag
Kikubaaqudgha
Makhleb
Okawaru
Ru
Sif Muna
Uskayaw
Vehumet
Wu Jian
Xom
Yredelemnul
Beogh

Shops:
D:4 }   D:6 *   D:9 [   D:10 =   D:11 =   D:12 =   Orc:2 ::([%   Elf:1 %
Elf:2 ?   Elf:3 !

Portals:
Hell: Depths:1* Depths:2 Depths:3 Depths:4 Depths:5
Abyss: Depths:3 Depths:4
Pandemonium: Depths:3 Depths:4
Ziggurat: Depths:5

Annotations:
D:13 3 runed doors, Vaehess's ghost, journeyman DDFi
Lair:6 1 runed door, D1HalberdGnoll's ghost, journeyman GnWn
Elf:2 3 runed doors
Vaults:1 2 runed doors, Hoeroty's ghost, adept HOFi
Vaults:2 1 runed door, exclusion: obsidian statue, Napalmbreeze's ghost, adept GnSk
Depths:2 exclusion: orange crystal statue
Depths:3 1 transporter
Zot:5 1 exclusion


Innate Abilities, Weirdness & Mutations

Your body is rotting away.
You thrive on raw meat.
You are immune to poison.
You have sharp fingernails.
You are carnivorous and can eat meat at any time.
Your flesh is cold resistant. (rC+)
You are immune to negative energy. (rN+++)
You do not regenerate when monsters are visible.
You are immune to unholy pain and torment.
You can survive without breathing.


Message History

You block the shadow demon's attack.
You pummel the shadow demon!!
The shadow demon is almost dead.
You pummel the shadow demon!!
You kill the shadow demon!
Makhleb accepts your kill.
(D) Dungeon (T) Temple (L) Lair (S) Swamp (N) Spider Nest (M) Slime Pits (O) Orcish Mines (E) Elven Halls (V) Vaults (C) Crypt (U) Depths (H) Hell (Z) Zot
Where to? (Enter - D:1 @ (x,y), ? - help)
There is an open door here.
There is an open door here.
There is a stone staircase leading up here.
You climb upwards.
There is a stone staircase leading down here.
A shadow demon comes into view.
There is a stone staircase leading up here.
You climb upwards.
There is a stone staircase leading down here.
You see here 2 stones.
(D) Dungeon (T) Temple (L) Lair (S) Swamp (N) Spider Nest (M) Slime Pits (O) Orcish Mines (E) Elven Halls (V) Vaults (C) Crypt (U) Depths (H) Hell (Z) Zot
Where to? (Enter - D:1 @ (x,y), ? - help)
There is a stone staircase leading up here.
You climb upwards.
There is a stone staircase leading down here.
There is a stone staircase leading up here.
You climb upwards.
There is a stone staircase leading down here.
You hear a grinding noise.
A soul eater comes into view.
There is a stone staircase leading up here.
You climb upwards.
There is a stone staircase leading down here.
Items here: === [ an uncursed ring of positive energy; a ring of positive energy a -3 ring of evasion; a +0 leather armour
(D) Dungeon (T) Temple (L) Lair (S) Swamp (N) Spider Nest (M) Slime Pits (O) Orcish Mines (E) Elven Halls (V) Vaults (C) Crypt (U) Depths (H) Hell (Z) Zot
Where to? (Enter - D:1 @ (x,y), ? - help)
You see here a +0 dagger.
A tormentor comes into view.
There is a staircase leading out of the dungeon here.
Enter note: gg You have escaped!

.##.#.................##.#.#.#...
.##.........................###..
>##................)...#.##..#)..
.##..#.#####...#####..)#.##.#.#..
.......# #.............##.#)###
.##..#### #...######...###......
.....)..# #...# #...###.#.##.
..##.##.## ######## ###.....#.##.
..#......# ####8@8#####.......##.
.....##..###..)......##.....####.
#.#.###..##8.........8#.....###..
#.#.#.....#...........#..........
#.........#8...2.....8#....######
###.#.##..##........{##....#
#........................#
###.#######.###.#..#.##### #.#
#..........#


You could see a tormentor.

Vanquished Creatures
  8 ancient liches
  3 orbs of fire (Zot:5)
  2 juggernauts
  the Lernaean hydra (Swamp:4)
  Margery (Depths:4)
  Xtahua (Depths:5)
  A Killer Klown (Zot:5)
  2 curse toes
  6 golden dragons
  Arachne (Spider:4)
  Jorgrun (Swamp:1)
  11 tentacled monstrosities
  2 electric golems (Zot:5)
  5 liches
  24 Orb Guardians
  A quicksilver dragon (Zot:4)
  8 titans
  2 deep elf blademasters (Elf:3)
  2 deep elf master archers (Elf:3)
  4 sphinxes
  3 tentacled starspawn (Abyss:2)
  9 shadow dragons
  8 death cobs
  6 tengu reavers
  19 storm dragons
  10 fire giants
  6 draconian monks
  14 frost giants
  7 deep elf sorcerers
  6 ghost moths
  3 draconian knights
  An orc warlord (Orc:1)
  13 vault wardens
  7 draconian scorchers
  2 iron dragons
  A balrug (Depths:1)
  Louise (Swamp:4)
  5 draconian shifters
  A cacodemon (D:15)
  3 deep elf elementalists (Elf:3)
  12 ironheart preservers
  4 draconian annihilators
  29 stone giants
  7 emperor scorpions
  4 draconian stormcallers
  A reaper (D:7)
  18 very ugly things
  2 war gargoyles (Vaults:5)
  3 entropy weavers (Spider:1)
  4 green draconians
  6 deep elf demonologists
  7 deep elf annihilators
  A dire elephant (shapeshifter) (Vaults:5)
  A vampire knight (Depths:1)
  6 red draconians
  6 black draconians
  6 white draconians
  A lorocyproca (Depths:2)
  13 purple draconians
  3 yellow draconians
  A blizzard demon (Depths:1)
  15 ettins
  13 spark wasps
  A merfolk javelineer (Depths:2)
  A merfolk impaler (Depths:2)
  6 deep elf death magi
  5 deep elf high priests
  4 great orbs of eyes
  14 fire dragons
  11 yaktaur captains
  Erolcha (D:9)
  12 ice dragons
  30 vault guards
  A ghost crab (Swamp:4)
  4 rakshasas
  Erica (D:9)
  4 spriggan air magi
  A hell beast (Depths:3)
  6 centaur warriors
  2 death knights
  7 alligators
  17 hydras
  16 ogre magi
  14 dancing weapons
  8 death yaks
  39 two-headed ogres
  8 tengu warriors
  A queen ant (Spider:1)
  7 deep troll shamans
  A spriggan berserker (Depths:4)
  11 deep troll earth magi
  3 small abominations
  3 orc high priests
  A shock serpent (shapeshifter) (Depths:4)
  2 thrashing horrors (Abyss:2)
  A soul eater (Depths:3)
  Sonja (Lair:6)
  3 sun demons (Depths:1)
  13 deep elf knights
  A fire crab (shapeshifter) (Vaults:3)
  An iron troll (Depths:2)
  2 wretched stars (Abyss:2)
  3 sixfirhies
  9 swamp dragons
  11 hell knights
  2 shadow wraiths
  8 skeletal warriors
  30 deep trolls
  A sea snake (shapeshifter) (Vaults:5)
  A spriggan druid (Swamp:3)
  2 unseen horrors
  A shadow demon (D:6)
  3 wizards
  A gelid demonspawn (Zot:1)
  A glowing orange brain (Vaults:1)
  An obsidian statue (Zot:5)
  A tengu zombie (Vaults:4)
  14 orc knights
  5 phantasmal warriors
  2 flayed ghosts
  10 deep elf archers
  9 harpies
  15 orb spiders
  11 ironbrand convokers
  7 necromancers
  56 deep elf magi
  30 wolf spiders
  A manticore (shapeshifter) (Vaults:2)
  7 orc sorcerers
  3 cyclopes
  17 moths of wrath
  A shining eye (shapeshifter) (Vaults:5)
  A frost giant zombie (Depths:1)
  57 ugly things
  2 manticores
  A worldbinder (Abyss:2)
  A moth of wrath (shapeshifter) (Depths:4)
  A rust devil (Depths:2)
  A faun (shapeshifter) (Depths:3)
  A human skeleton (Vaults:4)
  A water nymph (shapeshifter) (Vaults:5)
  A frost giant skeleton (Vaults:4)
  An elephant (Lair:5)
  3 black mambas
  A storm dragon simulacrum (Abyss:2)
  2 gargoyles (D:15)
  11 vault sentinels
  A black mamba (shapeshifter) (D:15)
  An orange demon (D:15)
  A torpor snail (Spider:1)
  2 smoke demons
  An efreet (Abyss:2)
  5 spectral swamp worms (Depths:5)
  54 yaktaurs
  2 rime drakes
  6 freezing wraiths
  14 komodo dragons
  5 ice devils
  3 komodo dragons (shapeshifter)
  17 spiny frogs
  10 demonic crawlers
  2 yaktaur skeletons
  A redback zombie (D:14)
  6 tengu conjurers
  An ancient zyme (Abyss:2)
  A red devil (Depths:3)
  15 hornets
  4 trolls
  A jumping spider (shapeshifter) (D:13)
  A meliai (shapeshifter) (Vaults:1)
  38 jumping spiders
  A wind drake (Lair:6)
  A merfolk (shapeshifter) (Vaults:5)
  A shadow dragon simulacrum (Vaults:4)
  A tyrant leech (shapeshifter) (Vaults:3)
  A hornet (shapeshifter) (Vaults:3)
  3 polar bears
  Grinder (D:6)
  25 slime creatures
  12 tyrant leeches
  18 bog bodies
  2 raiju (shapeshifter)
  6 raiju (Abyss:2)
  A blink frog (shapeshifter) (Depths:4)
  A fire giant simulacrum (Depths:1)
  2 frost giant simulacra
  7 hippogriffs
  2 air elementals (Elf:3)
  A spriggan (shapeshifter) (Vaults:5)
  66 redbacks
  A ynoxinul (Abyss:2)
  6 spriggans
  3 shadows
  3 wraiths
  26 tarantellas
  A vampire (D:14)
  3 wyverns
  A basilisk (Lair:5)
  24 yaks
  3 large abominations (Abyss:2)
  15 starcursed masses (Abyss:2)
  17 water elementals
  2 fire elementals (Elf:2)
  16 vampire mosquitoes
  A hungry ghost (D:14)
  9 wargs
  3 human simulacra
  4 insubstantial wisps (Swamp:2)
  2 acid dragons (D:15)
  24 water moccasins
  4 soldier ants (Spider:1)
  7 porcupines
  16 swamp worms
  A floating eye (Depths:1)
  9 swamp drakes
  A swamp drake (shapeshifter) (D:14)
  3 sky beasts
  A sky beast (shapeshifter) (D:15)
  An ice beast (D:6)
  57 orc warriors
  A phantom (D:11)
  An ettin simulacrum (Vaults:1)
  An eye of draining (D:10)
  41 ogres
  9 wolves
  7 boggarts
  25 centaurs
  12 crocodiles
  An elf zombie (Ossuary)
  A big kobold (D:10)
  13 bullfrogs
  9 gnoll sergeants
  A wyvern skeleton (D:13)
  A wyvern zombie (D:14)
  2 earth elementals (Elf:2)
  A hornet simulacrum (Vaults:1)
  3 scorpions
  8 wights
  11 killer bees
  9 howler monkeys
  9 electric eels
  15 crimson imps
  3 centaur zombies
  A bullfrog zombie (D:9)
  A quasit (D:9)
  3 human zombies
  32 orc wizards
  11 hounds
  4 jellies
  18 orc priests
  4 bullfrog skeletons
  5 centaur skeletons
  6 gnoll shamans (Bailey)
  5 iguanas
  12 worker ants
  Robin (D:5)
  3 hound skeletons
  2 mummies (Ossuary)
  A howler monkey zombie (D:6)
  A worker ant zombie (D:8)
  18 gnolls
  27 adders
  3 shadow imps
  7 white imps (Depths:1)
  An adder skeleton (D:5)
  5 adder zombies
  3 worms
  2 dart slugs
  3 leopard geckos
  119 orcs
  6 giant cockroaches
  19 goblins
  9 hobgoblins
  8 jackals
  7 quokkas
  11 bats
  6 frilled lizards
  A goblin zombie (Ossuary)
  4 hobgoblin zombies (Ossuary)
  8 kobolds
  15 kobold zombies (Ossuary)
  A leopard gecko skeleton (D:7)
  9 orc zombies (Ossuary)
  6 rats
  3 rat zombies
  A plant (Lair:1)
  A starspawn tentacle (Abyss:2)
2191 creatures vanquished.

Vanquished Creatures (collateral kills)
  Asterion (Elf:3)
  A titan (Vaults:5)
  A quicksilver dragon (Zot:5)
  Frances (Elf:1)
  2 deep elf sorcerers (Elf:3)
  3 vault wardens
  2 draconian shifters (Zot:5)
  A draconian annihilator (Zot:5)
  A blood saint (Depths:4)
  A deep elf demonologist (Elf:3)
  5 deep elf annihilators
  A deep elf death mage (Elf:3)
  A spark wasp (Depths:2)
  A blizzard demon (Depths:4)
  2 deep elf high priests (Elf:3)
  A yaktaur captain (Vaults:5)
  3 hydras
  A vault guard (Vaults:5)
  A rakshasa (Depths:4)
  A two-headed ogre (Vaults:3)
  A soul eater (Depths:4)
  Urug (Orc:1)
  A swamp dragon (Swamp:3)
  2 orb spiders (Spider:4)
  3 deep elf magi
  A wolf spider (Spider:2)
  An elephant (Lair:6)
  A vault sentinel (Vaults:5)
  A komodo dragon (Lair:2)
  A jumping spider (Spider:4)
  A hippogriff (Lair:2)
  A slime creature (Swamp:3)
  2 bog bodies
  A redback (Spider:4)
  4 tarantellas
  A yak (D:11)
  4 vampire mosquitoes
  A swamp worm (Swamp:1)
  An orc warrior (Orc:1)
  2 ogres (Vaults:3)
  A killer bee (D:11)
  An electric eel (Lair:3)
  An orc wizard (Orc:1)
  An adder (Lair:3)
66 creatures vanquished.

Vanquished Creatures (others)
  A titan (Vaults:5)
  A draconian knight (Zot:4)
  An infernal demonspawn (Depths:4)
  An ironbrand convoker (Vaults:2)
  2 deep elf magi (Elf:2)
  A vault sentinel (Vaults:5)
  5 dream sheep (Lair:5)
  A tarantella (Spider:4)
  A swamp worm (Swamp:4)
  A swamp drake (Swamp:4)
  An orc warrior (Vaults:3)
  A boggart (Vaults:1)
  An ogre (Vaults:2)
  2 orcs (D:9)
  10 fungi
  26 plants
  A starspawn tentacle (Abyss:2)
57 creatures vanquished.

Grand Total: 2314 creatures vanquished

Notes
Turn   | Place    | Note
-------+----------+-------------------------------------------
     0 | D:1      | Flugkiller the Ghoul Gladiator began the quest for the Orb.
     0 | D:1      | Reached XP level 1. HP: 17/17 MP: 0/0
    98 | D:1      | Reached XP level 2. HP: 23/25 MP: 1/1
   367 | D:1      | Reached skill level 4 in Unarmed Combat
   418 | D:1      | Reached XP level 3. HP: 28/30 MP: 2/2
   779 | D:2      | Found a faded altar of an unknown god.
   856 | D:2      | Reached XP level 4. HP: 38/38 MP: 3/3
   860 | D:2      | Found a burning altar of Makhleb.
   868 | D:2      | Became a worshipper of Makhleb the Destroyer
  1032 | D:2      | Found an ancient bone altar of Kikubaaqudgha.
  1092 | D:2      | Found a blossoming altar of Fedhas.
  1148 | D:2      | Found a deep blue altar of Sif Muna.
  1416 | D:2      | Reached XP level 5. HP: 40/46 MP: 4/4
  1435 | D:3      | Reached skill level 5 in Unarmed Combat
  1738 | D:3      | Found a sacrificial altar of Ru.
  1807 | D:3      | You fall through a shaft for 2 floors!
  1807 | D:5      | Entered Level 5 of the Dungeon
  1840 | D:5      | Found a shattered altar of Ashenzari.
  1867 | D:4      | Noticed Robin
  1878 | D:5      | Reached * piety under Makhleb
  1935 | D:5      | Found an opulent altar of Gozag.
  1948 | D:5      | Reached skill level 1 in Invocations
  1976 | D:5      | Reached XP level 6. HP: 41/52 MP: 4/6
  2136 | D:5      | Reached skill level 6 in Unarmed Combat
  2318 | D:5      | Found a sand-covered staircase.
  2329 | Ossuary  | Entered an ossuary
  2413 | Ossuary  | Reached ** piety under Makhleb
  2693 | Ossuary  | Reached XP level 7. HP: 57/59 MP: 7/9
  2954 | D:5      | Reached skill level 5 in Invocations
  3047 | D:5      | Killed Robin
  3073 | D:4      | Reached *** piety under Makhleb
  3360 | D:4      | Found Ruattil's Gadget Shop.
  3448 | D:4      | Reached skill level 1 in Armour
  3646 | D:4      | Reached XP level 8. HP: 60/67 MP: 9/11
  4240 | D:6      | Noticed Grinder
  4830 | D:6      | Reached skill level 5 in Fighting
  4873 | D:6      | Found an ornate altar of the Wu Jian Council.
  4917 | D:6      | Reached skill level 7 in Unarmed Combat
  4941 | D:6      | Paralysed by Grinder for 3 turns
  4950 | D:6      | Killed Grinder
  4998 | D:6      | Reached XP level 9. HP: 75/75 MP: 12/12
  5016 | D:6      | Found Xulitt's General Store.
  5156 | D:6      | Got a translucent flail
  5369 | D:7      | Reached **** piety under Makhleb
  5369 | D:7      | Reached skill level 5 in Dodging
  5926 | D:7      | Reached skill level 8 in Unarmed Combat
  6167 | D:7      | Found a staircase to the Ecumenical Temple.
  6910 | D:8      | Reached XP level 10. HP: 78/86 MP: 11/13
  6984 | D:8      | Reached skill level 5 in Armour
  7495 | D:9      | Reached ***** piety under Makhleb
  7507 | D:9      | Reached skill level 9 in Unarmed Combat
  7601 | D:9      | Found a staircase to the Orcish Mines.
  7601 | D:9      | Found Fuzyp's Armour Boutique.
  7631 | D:9      | Bought a +2 shield of cold resistance for 301 gold pieces
  7757 | D:9      | Noticed Erolcha
  7843 | D:9      | Killed Erolcha
  7843 | D:9      | Reached skill level 1 in Shields
  8171 | D:10     | Entered Level 10 of the Dungeon
  8253 | D:10     | Found a staircase to the Lair.
  8489 | D:10     | Found a flagged portal.
  8541 | D:10     | Reached skill level 10 in Unarmed Combat
  8589 | Bailey   | Entered a bailey
  8881 | Bailey   | Reached XP level 11. HP: 73/95 MP: 7/14
  8940 | Bailey   | Identified the +9 shortbow of Orchotipn {freeze, rElec rF+}
  9225 | D:10     | Found Notid's Jewellery Shop.
  9500 | Lair:1   | Entered Level 1 of the Lair of Beasts
  9989 | Lair:1   | Reached skill level 11 in Unarmed Combat
 11128 | Lair:2   | Noticed an eight-headed hydra
 11150 | Lair:2   | Killed an eight-headed hydra
 11629 | Lair:3   | Found a gate leading to a gauntlet.
 11642 | Gauntlet | Entered a Gauntlet
 11642 | Gauntlet | Found a transporter.
 11642 | Gauntlet | Found a transporter.
 11660 | Gauntlet | Found a transporter.
 11664 | Gauntlet | Found a transporter.
 11675 | Gauntlet | Found a transporter.
 11676 | Gauntlet | Found a transporter.
 11683 | Gauntlet | Found a runed translucent door.
 11686 | Gauntlet | Found a transporter.
 11698 | Gauntlet | Noticed a wretched star
 11700 | Gauntlet | Found a transporter.
 11712 | Gauntlet | Noticed a wretched star
 11714 | Gauntlet | Found a transporter.
 11718 | Gauntlet | Found a transporter.
 11729 | Gauntlet | Found a transporter.
 11730 | Gauntlet | Found a transporter.
 12002 | Gauntlet | Noticed a shining eye
 12039 | Gauntlet | Noticed a mana viper
 12039 | Gauntlet | a shining eye changed into a mana viper
 12197 | Lair:3   | Reached XP level 12. HP: 99/106 MP: 13/16
 12824 | Lair:3   | Reached skill level 5 in Shields
 12973 | Lair:3   | Found a staircase to the Swamp.
 12984 | Lair:3   | Reached skill level 10 in Fighting
 13610 | Lair:4   | Reached ****** piety under Makhleb
 14012 | Lair:4   | Reached skill level 12 in Unarmed Combat
 14222 | Lair:4   | Found a hole to the Spider Nest.
 14617 | Lair:5   | Got a brightly glowing spear
 14778 | Lair:5   | Found a staircase to the Slime Pits.
 14882 | Lair:5   | Found a shimmering altar of Xom.
 15356 | Lair:6   | Entered Level 6 of the Lair of Beasts
 15406 | Lair:6   | Noticed a death yak
 15406 | Lair:6   | Noticed a five-headed hydra
 15406 | Lair:6   | Noticed a death yak
 15407 | Lair:6   | Noticed a death yak
 15407 | Lair:6   | Noticed a death yak
 15440 | Lair:5   | Killed a death yak
 15670 | Lair:6   | Reached XP level 13. HP: 107/114 MP: 14/18
 15754 | Lair:6   | Found a runed door.
 15757 | Lair:6   | Noticed D1HalberdGnoll's ghost (journeyman GnWn)
 16655 | Lair:6   | Got a bone battleaxe
 16766 | Lair:6   | Noticed Sonja
 16795 | Lair:6   | Killed Sonja
 16894 | Lair:6   | Noticed a dire elephant
 17121 | Lair:5   | Reached skill level 13 in Unarmed Combat
 17250 | Lair:6   | Reached skill level 10 in Invocations
 18099 | D:11     | Reached skill level 10 in Dodging
 18447 | D:11     | Found Cachyex's Jewellery Emporium.
 18452 | D:11     | Bought a +3 ring of protection for 273 gold pieces
 18452 | D:11     | Bought an uncursed ring of protection from magic for 325
                  | gold pieces
 18523 | D:11     | Found a radiant altar of Vehumet.
 18804 | D:12     | Found Ymey's Jewellery Shoppe.
 19300 | D:13     | Found a runed gate.
 19300 | D:13     | Found a runed gate.
 19300 | D:13     | Found a runed gate.
 19301 | D:13     | Noticed Vaehess's ghost (journeyman DDFi)
 19302 | D:13     | Noticed Vaehess's ghost (journeyman DDFi)
 19414 | D:13     | Reached XP level 14. HP: 116/126 MP: 17/20
 19421 | D:13     | Found a gate to the Vaults.
 20698 | D:15     | Entered Level 15 of the Dungeon
 20813 | D:14     | Reached skill level 14 in Unarmed Combat
 21347 | D:15     | Found a basalt altar of Yredelemnul.
 22345 | D:15     | Found a staircase to the Depths.
 22521 | Orc:1    | Entered Level 1 of the Orcish Mines
 22521 | Orc:1    | Noticed Erica
 22535 | D:9      | Reached skill level 15 in Unarmed Combat
 22721 | D:9      | Killed Erica
 23345 | Orc:1    | Reached XP level 15. HP: 121/132 MP: 18/22
 23439 | Orc:1    | Noticed Urug
 23698 | Orc:1    | Killed Urug
 24061 | Orc:2    | Entered Level 2 of the Orcish Mines
 24355 | Orc:2    | Found a roughly hewn altar of Beogh.
 24411 | Orc:2    | Found Uklul's Food Emporium.
 24529 | Orc:2    | Found a roughly hewn altar of Beogh.
 24531 | Orc:2    | Found Goubibb's Book Shop.
 24750 | Orc:2    | Found a roughly hewn altar of Beogh.
 24790 | Orc:2    | Found a roughly hewn altar of Beogh.
 24823 | Orc:2    | Found Jeh Woi's Book Shoppe.
 24886 | Orc:2    | Found a staircase to the Elven Halls.
 24889 | Orc:2    | Found a roughly hewn altar of Beogh.
 24973 | Orc:2    | Found a roughly hewn altar of Beogh.
 25006 | Orc:2    | Found a roughly hewn altar of Beogh.
 25015 | Orc:2    | Reached skill level 10 in Armour
 25093 | Orc:2    | Noticed an orc warlord
 25203 | Orc:1    | Killed an orc warlord
 25650 | Orc:2    | Found Vupraad's Antique Weapon Boutique.
 25651 | Orc:2    | Found a roughly hewn altar of Beogh.
 25652 | Orc:2    | Found Dusow's Antique Armour Shop.
 25918 | Swamp:1  | Entered Level 1 of the Swamp
 26416 | Swamp:1  | Noticed Jorgrun
 26553 | Swamp:1  | Killed Jorgrun
 28372 | Swamp:3  | Reached skill level 16 in Unarmed Combat
 28538 | Swamp:3  | Reached XP level 16. HP: 105/143 MP: 19/23
 29038 | Swamp:4  | Entered Level 4 of the Swamp
 29486 | Swamp:4  | Noticed Louise
 29736 | Swamp:4  | Killed Louise
 30744 | Swamp:4  | Noticed the 27-headed Lernaean hydra
 30757 | Swamp:4  | Killed the 27-headed Lernaean hydra
 30769 | Swamp:4  | Got a decaying rune of Zot
 30961 | Spider:1 | Entered Level 1 of the Spider Nest
 31754 | Spider:1 | Got a slimy scimitar
 32299 | Spider:1 | Reached XP level 17. HP: 154/154 MP: 24/24
 34053 | Spider:1 | Reached skill level 17 in Unarmed Combat
 35941 | Spider:3 | Reached skill level 10 in Shields
 36592 | Spider:4 | Entered Level 4 of the Spider Nest
 37105 | Spider:4 | Reached skill level 18 in Unarmed Combat
 37510 | Spider:4 | Reached XP level 18. HP: 161/161 MP: 25/25
 37807 | Spider:4 | Noticed Arachne
 37851 | Spider:4 | Killed Arachne
 37993 | Spider:4 | Got a gossamer rune of Zot
 38317 | Elf:1    | Entered Level 1 of the Elven Halls
 38924 | Elf:1    | Identified Sif Muna's Incunabulum of Conjuration
 39085 | Elf:1    | Noticed Frances
 39103 | Elf:1    | Killed Frances
 39290 | Elf:1    | Found Sauhutua's Food Emporium.
 40009 | Elf:1    | Alright, going to take a break here, starting to lose focus
                  | a bit
 40069 | Elf:1    | Reached skill level 19 in Unarmed Combat
 40692 | Elf:2    | Found Utzas's Magic Scroll Shop.
 40696 | Elf:2    | Bought a scroll of teleportation for 48 gold pieces
 40696 | Elf:2    | Bought a scroll of teleportation for 48 gold pieces
 40838 | Elf:2    | Found a huge runed gate.
 40838 | Elf:2    | Found a huge runed gate.
 40838 | Elf:2    | Found a huge runed gate.
 40993 | Elf:3    | Entered Level 3 of the Elven Halls
 41877 | Elf:3    | Noticed Asterion
 41894 | Elf:3    | Killed Asterion
 42035 | Elf:3    | Reached XP level 19. HP: 93/168 MP: 15/26
 42237 | Elf:3    | Identified the +6 quarterstaff of Disorder {freeze, rElec
                  | Int+4 Stlth+}
 42254 | Elf:3    | Identified the ring of Xom's Recklessness {*Corrode +Fly
                  | rPois rF+++ Dex-3}
 43031 | Elf:3    | Found Pyenoq's Distillery.
 43036 | Elf:3    | Bought a potion of haste for 190 gold pieces
 43036 | Elf:3    | Bought a potion of haste for 190 gold pieces
 43250 | Vaults:1 | Entered Level 1 of the Vaults
 43659 | Vaults:1 | Reached skill level 20 in Unarmed Combat
 44052 | Vaults:1 | Reached skill level 15 in Fighting
 44729 | Vaults:1 | Found a large runed door.
 44729 | Vaults:1 | Found a large runed door.
 44729 | Vaults:1 | Noticed Hoeroty's ghost (adept HOFi)
 45414 | Vaults:2 | Found a runed door.
 45590 | Vaults:2 | Reached XP level 20. HP: 180/180 MP: 21/27
 46774 | Vaults:2 | Found a staircase to the Crypt.
 46774 | Vaults:2 | Found a basalt altar of Yredelemnul.
 46775 | Vaults:2 | Found an ancient bone altar of Kikubaaqudgha.
 46881 | Vaults:2 | Noticed Napalmbreeze's ghost (adept GnSk)
 46966 | Vaults:3 | Got an encrusted shortbow
 46967 | Vaults:3 | Identified the +4 shortbow "Odidaraoby" {speed, rElec rN+
                  | MR+ Dex+4} (You found it on level 3 of the Vaults)
 47155 | D:10     | Bought an uncursed ring of protection from fire for 375
                  | gold pieces
 47604 | Vaults:3 | Identified the ring of Zichetei {rPois rC+ rN+ MR+ Str+3}
                  | (You found it on level 3 of the Vaults)
 47872 | Vaults:3 | Reached skill level 21 in Unarmed Combat
 48564 | Vaults:3 | Paralysed by an ogre mage for 5 turns
 48574 | Vaults:3 | Reached skill level 15 in Shields
 49248 | Vaults:4 | Noticed a Brimstone Fiend
 49843 | Vaults:4 | Reached XP level 21. HP: 191/191 MP: 26/28
 51616 | Elf:3    | Cast into level 2 of the Abyss (a deep elf sorcerer)
 51783 | Abyss:2  | Paralysed by accursed screaming for 1 turns
 51907 | Abyss:2  | Reached skill level 22 in Unarmed Combat
 52239 | Elf:3    | Escaped the Abyss
 52543 | Elf:3    | Identified the Guide on the Glacier and the Oath
 52553 | Elf:3    | Identified the Handbook of the Arcane
 52599 | Elf:3    | Identified the Compendium of the Glacial Birds
 52945 | Depths:1 | Entered Level 1 of the Depths
 53680 | Depths:1 | Reached XP level 22. HP: 204/204 MP: 29/29
 54022 | Depths:1 | Identified the cursed +0 war axe "Iqysauc" {freeze, SInv
                  | Stlth+}
 54244 | Depths:1 | Found a gateway to Hell.
 55071 | Depths:2 | Reached skill level 23 in Unarmed Combat
 57093 | Depths:3 | Found a one-way gate leading to the halls of Pandemonium.
 57157 | Depths:3 | Found an iron altar of Okawaru.
 57266 | Depths:3 | Found a one-way gate to the infinite horrors of the Abyss.
 57344 | Depths:3 | Found a transporter.
 57418 | Depths:3 | Noticed a juggernaut
 57584 | Depths:4 | Reached XP level 23. HP: 202/213 MP: 27/30
 57931 | Depths:4 | Found a shimmering altar of Xom.
 57932 | Depths:4 | Found a hide-covered altar of Uskayaw.
 57932 | Depths:4 | Found a white marble altar of Elyvilon.
 58349 | Depths:4 | Noticed a golden dragon
 58358 | Depths:4 | Killed a golden dragon
 58672 | Depths:4 | Noticed a juggernaut
 58695 | Depths:4 | Killed a juggernaut
 58759 | Depths:4 | Noticed Margery
 58771 | Depths:4 | Killed Margery
 59299 | Depths:4 | Reached skill level 15 in Armour
 59470 | Depths:4 | Identified the ring "Pashroy" {rCorr rF+ rC+ MP+9}
 59561 | Depths:4 | Reached XP level 24. HP: 224/224 MP: 30/30
 59610 | Depths:4 | Identified the ring "Zumug" {+Blink rElec Str+4 Int-3
                  | Dex-4} (You found it on level 4 of the Depths)
 59787 | Depths:5 | Entered Level 5 of the Depths
 59840 | Depths:5 | Reached skill level 15 in Dodging
 59883 | Depths:5 | Noticed Xtahua
 59904 | Depths:5 | Killed Xtahua
 60067 | Depths:5 | Found a gate to the Realm of Zot.
 60105 | Depths:5 | Found a gateway to a ziggurat.
 60331 | Depths:5 | Identified a scroll of acquirement
 60336 | Depths:5 | Noticed a juggernaut
 60351 | Depths:5 | Killed a juggernaut
 61740 | Elf:2    | Bought a scroll of magic mapping for 56 gold pieces
 61740 | Elf:2    | Bought a scroll of magic mapping for 56 gold pieces
 61740 | Elf:2    | Bought a scroll of enchant armour for 120 gold pieces
 61740 | Elf:2    | Bought a scroll of magic mapping for 56 gold pieces
 62475 | Vaults:5 | Entered Level 5 of the Vaults
 62961 | Vaults:5 | Noticed an ancient lich
 62975 | Vaults:5 | Killed an ancient lich
 62975 | Vaults:5 | Reached XP level 25. HP: 233/233 MP: 30/30
 63181 | Vaults:5 | Reached skill level 24 in Unarmed Combat
 63893 | Vaults:5 | Identified the Reference Book on the Twisted Voyage
 63900 | Vaults:5 | Got a silver rune of Zot
 63907 | Vaults:5 | Got a crude robe
 64140 | Vaults:5 | Got a pair of transparent gloves
 64141 | Vaults:5 | Identified the +0 pair of gloves of Quantum Leap {Str+4}
                  | (You found it on level 5 of the Vaults)
 64305 | Vaults:5 | Got a dazzling scale mail
 64306 | Vaults:5 | Identified the +1 scale mail of Rubbaf {rElec rN++} (You
                  | found it on level 5 of the Vaults)
 64990 | Zot:1    | Entered Level 1 of the Realm of Zot
 66130 | Zot:2    | Reached XP level 26. HP: 244/244 MP: 30/30
 66882 | Zot:5    | Entered Level 5 of the Realm of Zot
 67296 | Zot:4    | Reached skill level 25 in Unarmed Combat
 69028 | Zot:5    | Noticed an ancient lich
 69060 | Zot:5    | Killed an ancient lich
 69075 | Zot:5    | Reached XP level 27. HP: 256/256 MP: 31/31
 69079 | Zot:5    | Noticed an ancient lich
 69103 | Zot:5    | Killed an ancient lich
 69244 | Zot:5    | Noticed an orb of fire
 69276 | Zot:5    | Killed an orb of fire
 69463 | Zot:5    | Noticed an ancient lich
 69786 | Zot:5    | Killed an ancient lich
 69976 | Zot:5    | Reached skill level 15 in Invocations
 69996 | Zot:5    | Noticed an orb of fire
 70011 | Zot:5    | Killed an orb of fire
 70056 | Zot:5    | cmon give me my int back, I have 3 int right now and I'm
                  | scared
 70112 | Zot:5    | Noticed an ancient lich
 70124 | Zot:5    | Killed an ancient lich
 70125 | Zot:5    | Noticed an orb of fire
 70138 | Zot:5    | Killed an orb of fire
 70145 | Zot:5    | Noticed an ancient lich
 70145 | Zot:5    | Noticed an ancient lich
 70162 | Zot:5    | Killed an ancient lich
 70167 | Zot:5    | Killed an ancient lich
 70668 | Zot:5    | Noticed an ancient lich
 70691 | Zot:5    | Killed an ancient lich
 70718 | Zot:5    | Got the Orb of Zot
 71114 | D:13     | Noticed Lonteinu the pandemonium lord
 71341 | D:1      | gg
 71342 | D:$      | Escaped with the Orb!

Vault maps used:
D:1:      mrwooster_arrival_statue_2, minmay_misc_feat_chi,
          serial_park_tiny_pond
D:2:      lemuel_doored_altar, lemuel_coloured_pillars_altar,
          lemuel_blue_sif_altar, chequers_ecumenical_altar_simple_redux,
          fedhas_altar_fruit_tree
D:3:      nicolae_ru_awakened_eye
D:4:      serial_shops, shop_fountains, minmay_strange_pillars,
          minmay_misc_feat_tiny, uniq_robin
D:5:      grunt_gozag_statues, first_ration, basic_altar, enter_ossuary_3
D:6:      marbit_many_paths, serial_shops, kennysheep_mini_moat,
          minmay_strange_pillars, uniq_grinder
D:7:      minmay_temple_entry_junction
D:8:      the_bakery, grunt_decor_fettered
D:9:      orc_david_3, uniq_erolcha
D:10:     erik_lair_island, serial_shops, nicolae_shop_window_shopping,
          enter_bailey_8
D:11:     serial_shops, shop, basic_altar
D:12:     serial_shops, shop
D:13:     erik_vaults_1, gammafunk_ghost_cemetery
D:14:     grunt_decor_cap
D:15:     grunt_enter_depths_hoard, minmay_misc_feat_enclosed, basic_altar
Lair:1:   minivault_25, minivault_11, serial_bayou_lagoon_b
Lair:3:   lemuel_reptile_caves, nicolae_swamp_entry_splash_gauntlet,
          portal_ice_cave_entry_pillars_1, gauntlet_entry_generic
Lair:4:   spider_nest_entry_webs, st_stairs_3, infiniplex_staircase_pool_2,
          serial_bayou_shore_a
Lair:5:   minmay_slime_entry_pillars, kb_xom_exploding_sheep
Lair:6:   gammafunk_lair_ancient_temple, hellmonk_ghost_happy_afterlife,
          fungi_pond_lemuel, serial_bayou_lake_a, uniq_sonja
Swamp:1:  hangedman_swamp_lotus, uniq_jorgrun
Swamp:2:  evilmike_swamp_ruin_wall, infiniplex_staircase_pool
Swamp:3:  serial_swamp_ruin, hangedman_swamp_ruin_wall,
          evilmike_swamp_ruin_house_1, hangedman_swamp_ruin_hall
Swamp:4:  grunt_swamp_rune_castle, uniq_louise
Spider:1: nicolae_spider_ant_collections
Spider:2: drop_trap
Spider:4: grunt_spider_rune_circles, nicolae_spider_webs_and_nodes,
          uniq_arachne, uniq_nikola
Orc:1:    sword_in_stone, uniq_erica
Orc:2:    grunt_orc_community_town_hall, grunt_orc_community_big_house_2,
          grunt_orc_community_big_house_1, grunt_orc_community_house_1,
          grunt_orc_community_house_3, grunt_orc_community_house_1,
          grunt_orc_community_house_1, grunt_orc_community_house_1,
          grunt_orc_community_house_1, serial_shops, nicolae_shop_stone
Elf:1:    elf_arrival_002, serial_shops, shop_fountains,
          minmay_elf_annihilation, uniq_frances
Elf:2:    serial_shops, shop, amethyst_killhole
Elf:3:    grunt_elf_hall_asides, serial_shops, nicolae_shop_crystal,
          minmay_misc_feat_diagonals, grunt_megastairs_4, uniq_asterion
Vaults:1: advil_vaults_ghost_guards, ontoclasm_vaults_misaligned, v_misc_30,
          vaults_mumra_hex, vaults_dpeg_spiral, grunt_vaults_twisty,
          nicolae_vaults_ring_of_whatevers, nicolae_vaults_specimen_jars,
          v_misc_25, v_misc_23, nicolae_vaults_little_squares_5,
          vaults_room_grunt_arrival_ludios, v_misc_26
Vaults:2: ebering_vaults_ghost_reflecting_pool, v_misc_1, v_misc_22,
          ontoclasm_vaults_ring_small, vaults_dpeg_hooks,
          nicolae_vaults_statue_guard, v_pattern_4, v_misc_29,
          ontoclasm_vaults_shuriken, minmay_crypt_entry_necro_gods,
          vaults_room_corners, nicolae_vaults_asterisk
Vaults:3: grunt_vaults_diagonal, nicolae_vaults_branching_niches,
          vaults_room_grid, nicolae_vaults_little_squares_3,
          nicolae_vaults_border_crossing, v_misc_23, vaults_room_fours,
          nicolae_vaults_little_ls
Vaults:4: vaults_dpeg_encased_lava, v_misc_16, v_misc_30, v_misc_25,
          vaults_room_large_hall, v_misc_25, vaults_room_door_ring,
          nicolae_vaults_alarming
Depths:1: pf_hell_entry_great_geh, serial_sigils,
          serial_sigils_hangedman_scratch, serial_sigils_hangedman_stare,
          serial_sigils_hangedman_carve, serial_sigils_hangedman_writhe,
          grunt_ministairs_2, chequers_serial_rivers_micro_e,
          hangedman_decor_slide_cut, nrook_pool_corridor, minmay_fire_ice_demons
Depths:2: lemuel_troll_bridge, hell_entry, minivault_15,
          minmay_staircase_windowed_small
Depths:3: emtedronai_trogs_sanctum, grunt_mini_vestibule, abyss_entry,
          okawaru_ov_weapons_minmay, pan_entry
Depths:4: hangedman_slaughterboxes, abyss_entry, hell_entry, pan_entry,
          uniq_margery
Depths:5: grunt_zot_entry_pinwheel, enter_ziggurat_b, nicolae_sextant,
          pf_hell_entry_tar_river, serial_sigils_hangedman_gnaw, uniq_xtahua
Zot:2:    minmay_elemental_castle
Zot:5:    grunt_ministairs_3, st_stairs_3, nicolae_lava_and_water
Ossuary:  ossuary_tomb_1
Bailey:   bailey_polearm_gnolls_kennysheep, bailey
Gauntlet: minmay_gauntlet_77_indecision

Skill      XL: |  1  2  3  4  5  6  7  8  9 10 11 12 13 14 15 16 17 18 19 20 21 22 23 24 25 26 27 |
---------------+----------------------------------------------------------------------------------+-----
Unarmed Combat | 4 5 6 7 8 10 11 12 13 15 16 18 19 20 21 22 23 24 25 | 25.6
Fighting       | 3 4 5 7 8 9 10 12 13 14 15 17 18 19 20 21 22 | 22.6
Invocations    | 1 4 6 7 9 10 11 12 18 | 18.9
Dodging        | 3 4 5 6 7 9 10 11 12 14 15 16 | 16.7
Armour         | 1 3 4 5 6 9 11 12 13 15 16 17 | 17.0
Shields        | 2 4 5 7 10 12 14 15 16 | 16.2
Throwing       | |  1.7

Action                   |  1- 3 |  4- 6 |  7- 9 | 10-12 | 13-15 | 16-18 | 19-21 | 22-24 | 25-27 || total
-------------------------+-------+-------+-------+-------+-------+-------+-------+-------+-------++-------
Melee: Unarmed           |   121 |   324 |   468 |  1035 |  2004 |  2147 |  2258 |  2028 |  1619 || 12004
       Punch             |       |     6 |    13 |     1 |       |       |       |       |       ||    20
Throw: Javelin           |       |       |     4 |       |       |       |       |       |       ||     4
       Throwing net      |       |       |     1 |       |       |       |       |       |       ||     1
Invok: Lesser Servant of |       |       |       |     5 |    17 |    22 |    14 |     7 |       ||    65
       Minor Destruction |       |       |       |       |     6 |    57 |       |       |       ||    63
       Greater Servant o |       |       |       |       |     1 |     2 |     4 |     3 |     3 ||    13
 Abil: Evoke Invisibilit |       |       |       |       |       |       |       |       |     6 ||     6
Evoke: Wand              |       |       |       |    16 |    16 |     5 |     4 |       |       ||    41
  Use: Scroll            |     2 |     6 |     6 |    12 |    16 |     7 |     7 |    11 |    14 ||    81
       Potion            |       |       |       |       |     2 |     3 |     3 |     5 |    11 ||    24
 Stab: Sleeping          |       |       |       |     1 |       |       |       |       |       ||     1
       Distracted        |       |       |       |     1 |     3 |     4 |     3 |     5 |       ||    16
       Confused          |       |       |       |       |       |     1 |       |     2 |       ||     3
       Invisible         |       |       |       |       |       |       |       |       |    24 ||    24
  Eat: Chunk             |     4 |    20 |    30 |    70 |   112 |    80 |    56 |    52 |    30 ||   454
       Ration            |       |       |       |       |     1 |     1 |     2 |     1 |     1 ||     6
Armor: Leather armour    |    45 |       |       |       |       |       |       |       |       ||    45
       Scale mail        |     5 |   112 |   137 |    39 |    64 |       |       |       |       ||   357
       Troll leather arm |       |       |       |   129 |       |       |       |       |       ||   129
       Chain mail        |       |       |       |       |   157 |       |       |       |       ||   157
       Plate armour      |       |       |       |       |   541 |  1394 |   639 |   517 |       ||  3091
       Storm dragon scal |       |       |       |       |       |       |       |   124 |   440 ||   564
Dodge: Dodged            |    96 |   150 |   239 |   451 |   808 |  1228 |   670 |   479 |   429 ||  4550
Block: Shield            |       |       |       |   482 |  1171 |  1576 |   678 |       |       ||  3907
       Large shield      |       |       |       |       |       |       |   843 |  1520 |   982 ||  3345

Table legend:
 A = Non-vault XP
 B = Vault XP
 C = Vault XP percentage of total XP
 D = Non-vault monster count
 E = Vault monster count
 F = Vault count percentage of total count
                 A         B        C        D         E       F
            +---------+---------+-------+---------+---------+-------
      Total |  726598 |  693985 |  48.9 |    1464 |     785 |  34.9
            +---------+---------+-------+---------+---------+-------
        D:1 |      51 |       0 |   0.0 |      29 |       0 |   0.0
        D:2 |     106 |       0 |   0.0 |      14 |       0 |   0.0
        D:3 |      85 |       0 |   0.0 |      24 |       0 |   0.0
        D:4 |     323 |      17 |   5.0 |      11 |       9 |  45.0
        D:5 |     575 |      25 |   4.2 |      19 |       5 |  20.8
        D:6 |    1184 |     313 |  20.9 |      29 |       2 |   6.5
        D:7 |     616 |       0 |   0.0 |      17 |       0 |   0.0
        D:8 |    1156 |     220 |  16.0 |      30 |       1 |   3.2
        D:9 |    3208 |    2468 |  43.5 |      38 |      13 |  25.5
       D:10 |    1668 |     730 |  30.4 |      28 |       8 |  22.2
       D:11 |    4929 |       0 |   0.0 |      21 |       0 |   0.0
       D:12 |    2971 |       0 |   0.0 |      20 |       0 |   0.0
       D:13 |    1411 |    5019 |  78.1 |      10 |       7 |  41.2
       D:14 |   16161 |       0 |   0.0 |      51 |       0 |   0.0
       D:15 |   27689 |    1647 |   5.6 |      52 |       4 |   7.1
     Lair:1 |    4251 |       0 |   0.0 |      24 |       0 |   0.0
     Lair:2 |    2554 |       0 |   0.0 |      10 |       0 |   0.0
     Lair:3 |    5042 |    3449 |  40.6 |      19 |      39 |  67.2
     Lair:4 |    2607 |     675 |  20.6 |      13 |       3 |  18.8
     Lair:5 |    7288 |    3242 |  30.8 |      17 |      11 |  39.3
     Lair:6 |    2430 |    5513 |  69.4 |      11 |      15 |  57.7
    Swamp:1 |    5338 |    2371 |  30.8 |      19 |       1 |   5.0
    Swamp:2 |   12391 |       0 |   0.0 |      38 |       0 |   0.0
    Swamp:3 |   14281 |    4309 |  23.2 |      40 |       7 |  14.9
    Swamp:4 |    7836 |   19243 |  71.1 |      23 |      27 |  54.0
   Spider:1 |   29550 |    5015 |  14.5 |      82 |      14 |  14.6
   Spider:2 |    7405 |       0 |   0.0 |      19 |       0 |   0.0
   Spider:3 |   14688 |       0 |   0.0 |      49 |       0 |   0.0
   Spider:4 |   10661 |   27465 |  72.0 |      28 |      36 |  56.2
      Orc:1 |    2818 |    3368 |  54.4 |      29 |      13 |  31.0
      Orc:2 |    4207 |    6166 |  59.4 |      26 |      58 |  69.0
      Elf:1 |   11241 |    8071 |  41.8 |      17 |      12 |  41.4
      Elf:2 |   14650 |    1841 |  11.2 |      26 |       2 |   7.1
      Elf:3 |   14153 |   38957 |  73.4 |      23 |      31 |  57.4
   Vaults:1 |   18897 |   16966 |  47.3 |      42 |      23 |  35.4
   Vaults:2 |   31441 |   18797 |  37.4 |      45 |      23 |  33.8
   Vaults:3 |   24235 |   31136 |  56.2 |      40 |      46 |  53.5
   Vaults:4 |   33952 |     921 |   2.6 |      52 |       2 |   3.7
   Vaults:5 |   33532 |  142228 |  80.9 |      48 |      98 |  67.1
   Depths:1 |   62405 |   11758 |  15.9 |      88 |      30 |  25.4
   Depths:2 |   36521 |    7914 |  17.8 |      44 |      11 |  20.0
   Depths:3 |   12674 |    2057 |  14.0 |      18 |       3 |  14.3
   Depths:4 |       0 |  129468 | 100.0 |       0 |      99 | 100.0
   Depths:5 |   32198 |   31133 |  49.2 |      31 |      22 |  41.5
      Zot:1 |    7681 |       0 |   0.0 |       4 |       0 |   0.0
      Zot:2 |   30195 |       0 |   0.0 |      20 |       0 |   0.0
      Zot:3 |    5319 |       0 |   0.0 |       2 |       0 |   0.0
      Zot:4 |   86111 |       0 |   0.0 |      54 |       0 |   0.0
      Zot:5 |   57225 |  160056 |  73.7 |      29 |      41 |  58.6
    Abyss:2 |   18688 |       0 |   0.0 |      41 |       0 |   0.0
    Ossuary |       0 |     230 | 100.0 |       0 |      39 | 100.0
     Bailey |       0 |    1197 | 100.0 |       0 |      30 | 100.0
            +---------+---------+-------+---------+---------+-------
